 Dungeon Crawl Stone Soup version 0.28-a0-662-g1651b1f1e0 (webtiles) character file.

Game seed: 7419835784351269185

23 jasper the Shield-Bearer (level 3, -5/29 HPs)
             Began as a Formicid Fighter on Oct 15, 2021.
             Slain by Edmund (7 damage)
             ... on level 4 of the Dungeon.
             The game lasted 00:01:06 (524 turns).

jasper the Shield-Bearer (Formicid Fighter)          Turns: 524, Time: 00:01:07

Health: -5/29      AC:  6    Str: 18 (21) XL:     3   Next: 10%
Magic:  3/3        EV:  9    Int:  5 (7)  God:
Gold:   6          SH:  4    Dex:  7 (10) Spells: 2/2 levels left

rFire   . . .      SeeInvis +   a - +0 war axe
rCold   . . .      Faith    .   c - +0 buckler
rNeg    . . .      Spirit   .   b - +0 scale mail
rPois   .          Reflect  .   (helmet unavailable)
rElec   .          Harm     .   (no cloak)
rCorr   .          Rampage  .   (no gloves)
Will    .....                   (no boots)
Stlth   ..........              (no amulet)
HPRegen 0.09/turn               (no ring)
MPRegen 0.08/turn               (no ring)

@: mighty
A: permanent stasis, dig shafts and tunnels, antennae 3, four strong arms
a: Dig, Shaft Self


You were on level 4 of the Dungeon.
You visited 1 branch of the dungeon, and saw 4 of its levels.

You collected 6 gold pieces.

Inventory:

Hand Weapons
 a - a +0 war axe (weapon)
Armour
 b - a +0 scale mail (worn)
 c - a +0 buckler (worn)


   Skills:
 - Level 3.2 Fighting
 + Level 3.3 Axes
 - Level 3.2 Armour
 - Level 3.6 Shields


You had 2 spell levels left.
You didn't know any spells.
Your spell library was empty.

Dungeon Overview and Level Annotations

Branches:
Dungeon (4/15)
 Temple: D:4-7

Altars:
Sif Muna

Annotations:
D:4 1 runed translucent door, Edmund; bande's ghost, amateur GrFi


Innate Abilities, Weirdness & Mutations

You cannot be hasted, slowed, berserked, paralysed or teleported.
You can dig through walls and to a lower floor.
You have a pair of large antennae on your head. (SInv)
Your four strong arms can wield two-handed weapons with a shield.


Message History

f - a yellow potion You see here a +0 short sword.
Edmund the Younger comes into view.
He is wielding a +7 flail of protection and wearing a +2 chain mail of positive energy.
Edmund shouts!
Edmund is nearby!
Edmund is nearby!
Edmund is nearby!
You aren't carrying any items that you can evoke.
You feel very mighty all of a sudden.
It was a potion of degeneration.
There was something very wrong with that liquid.
You feel weakened.
You feel dopey.
You feel clumsy.
As you read the scroll labelled YQOHOT LEMEB, it crumbles to dust.
You feel a strange sense of stasis.
It was a scroll of teleportation.
You see here a +0 short sword.
Okay, then.
You swing at nothing.
You hit Edmund.
Edmund is lightly wounded.
Edmund says, "A flail is better than a scythe, any day of the week!"
Edmund hits you with a +7 flail of protection!
Edmund gestures with his flail.
Edmund hits you with a +7 flail of protection!
You take 19 damage, and have 10/29 hp.
MASSIVE DAMAGE!!
You slash Edmund!
Edmund is moderately wounded.
You block Edmund's attack.
You slash Edmund!
Edmund is severely wounded.
Edmund closely misses you.
You hit Edmund.
Edmund is severely wounded.
Edmund hits you with a +7 flail of protection!
* * * LOW HITPOINT WARNING * * *
You take 8 damage, and have 2/29 hp.
MASSIVE DAMAGE!!
You slash Edmund!
Edmund is almost dead.
You block Edmund's attack.
Edmund hits you with a +7 flail of protection!
You die...

##.##### ##'## #. #.# #.#
#. #.# #.# .. #.# ##.## ##
#.# ########...## ## #.#
#.....#.....##.##
#.####.....##...##...##
#..........###.##.....##
######......@@............
#.....########.######
####### ##


You could see Edmund.

Vanquished Creatures
  A hound skeleton (D:4)
  4 endoplasms
  A kobold (D:4)
  2 frilled lizards
  A goblin (D:2)
9 creatures vanquished.

Notes
Turn   | Place    | Note
-------+----------+-------------------------------------------
     0 | D:1      | jasper the Formicid Fighter began the quest for the Orb.
     0 | D:1      | Reached XP level 1. HP: 18/18 MP: 1/1
    47 | D:1      | Found a faded altar of an unknown god.
    59 | D:1      | Prayed at the altar of an unknown god.
    59 | D:1      | Became a worshipper of Sif Muna the Loreminder
    59 | D:1      | Reached * piety under Sif Muna
    60 | D:1      | Fell from the grace of Sif Muna
   241 | D:2      | Reached XP level 2. HP: 24/24 MP: 2/2
   415 | D:4      | Reached XP level 3. HP: 28/29 MP: 3/3
   446 | D:4      | Found a runed translucent door.
   446 | D:4      | Noticed bande's ghost (amateur GrFi)
   446 | D:4      | Noticed a bullfrog
   508 | D:4      | Noticed Edmund
   524 | D:4      | Slain by Edmund

Illustrated notes

Levels and vault maps discovered:
D:1:      eino_arrival_cavern_e, layout_basic,
          hellmonk_ecumenical_altar_zigzags, serial_shops, shop, shop, shop,
          shop, nicolae_square_shop
D:2:      cheibrodos_fertilizer, layout_basic
D:3:      layout_rooms, serial_co_window_serial, co_window_corner_a,
          co_window_corner_a, co_window_paths_a, co_window_corner_a,
          co_window_of_opportunity_a, co_window_broadway_a,
          co_window_broadway_c, co_window_corner_b, co_window_broadway_b,
          co_window_corner_ca, co_window_broadway_a, co_window_paths_d,
          glass_columns_c, minmay_misc_feat_iff
D:4:      layout_loops_corners, minmay_temple_entry_fiery,
          ebering_ghost_sewer_f, kennysheep_windowed_goal, uniq_edmund

Skill      XL: |  1  2 |
---------------+-------+-----
Axes           | 3 |  3.3
Fighting       | |  3.2
Armour         | |  3.2
Shields        | |  3.6

Action                   || total
-------------------------++-------
Melee: War axe           ||    21
Invok: Renounce Religion ||     1
  Use: Potion            ||     2
       Scroll            ||     1
Armor: Scale mail        ||     8
Dodge: Dodged            ||     5
Block: Buckler           ||     2

Table legend: (Time is in decaauts)
 A = Elapsed time spent in this place.
 B = Non-inter-level travel time spent in this place.
 C = Inter-level travel time spent in this place.
 D = Time resting spent in this place.
 E = Time spent auto-exploring this place.
 F = Levels seen in this place.
 G = Mean time per level.
                   A        B        C        D        E       F      G
               +--------+--------+--------+--------+--------+-----+--------+
         Total |    530 |    455 |     75 |    145 |    168 |   4 |  132.5 |
       Dungeon |    530 |    455 |     75 |    145 |    168 |   4 |  132.5 |
               +--------+--------+--------+--------+--------+-----+--------+

Top non-repeatable levels by time:
     D:4: 261 daAuts
     D:1: 138 daAuts
     D:2: 114 daAuts
     D:3: 16 daAuts
